 Dungeon Crawl Stone Soup version 0.24.0-37-gcf1ca852f1 (webtiles) character file.

Game seed: 5804613373317741545, levelgen mode: deterministic

5812 Froggeryz the Geomancer (level 10, -2/58 HPs)
             Began as a Gargoyle Earth Elementalist on Dec 7, 2019.
             Was a Priest of Vehumet.
             Slain by a yak (13 damage)
             ... on level 8 of the Dungeon.
             The game lasted 00:15:29 (7160 turns).

Froggeryz the Geomancer (GrEE)                      Turns: 7160, Time: 00:15:29

Health: -2/58      AC: 10    Str: 11    XL:     10   Next: 79%
Magic:  19/20      EV: 12    Int: 20    God:    Vehumet [***...]
Gold:   327        SH:  0    Dex: 10    Spells: 17/23 levels left

rFire    . . .     SeeInvis +   K - staff of earth
rCold    . . .     Gourm    .   (no shield)
rNeg     + . .     Faith    .   c - +0 robe
rPois    ∞         Spirit   .   (no helmet)
rElec    +         Reflect  .   y - +0 cloak
rCorr    .         Harm     .   (no gloves)
MR       .....                  (no boots)
Stlth    +++.......             (no amulet)
HPRegen  0.19/turn              j - ring of stealth
MPRegen  0.17/turn              x - ring of see invisible

@: no status effects
A: negative energy resistance 1, electricity resistance, unbreathing,
petrification resistance, rot immunity, AC +7
a: Renounce Religion


You were on level 8 of the Dungeon.
You worshipped Vehumet.
Vehumet was most pleased with you.
You were not hungry.

You visited 2 branches of the dungeon, and saw 10 of its levels.
You also visited: Sewer.

You collected 387 gold pieces.
You spent 60 gold pieces at shops.

Inventory:

Hand Weapons
 a - a +5 vampiric spear
 F - the +0 mace of the Poles {crush, rElec rPois rF+++ Str-4}
   (You found it on level 4 of the Dungeon)

   It inflicts extra damage upon your enemies.
   It affects your strength (-4).
   It renders you almost immune to fire.
   It insulates you from electricity.
   It protects you from poison.
Missiles
 b - 74 stones (quivered)
 h - 5 curare-tipped darts
Armour
 c - a +0 robe (worn)
 y - a +0 cloak (worn)
Magical Staves
 z - an uncursed staff of power
 K - an uncursed staff of earth (weapon)
Jewellery
 j - a ring of stealth (left hand)
 p - an uncursed ring of resist corrosion
 x - a ring of see invisible (right hand)
Wands
 B - a wand of random effects (10)
 E - a wand of polymorph (7)
 H - a wand of iceblast (8)
Scrolls
 e - 3 scrolls of amnesia
 g - a scroll of blinking
 i - 13 scrolls of identify
 l - 2 scrolls of teleportation
 m - 2 scrolls of enchant weapon
 t - 7 scrolls of remove curse
 A - a scroll of fog
 G - a scroll of magic mapping
Potions
 f - a potion of experience {unknown}
 k - 3 potions of brilliance {unknown}
 n - 2 potions of curing {unknown}
 o - a potion of cancellation {unknown}
 q - 4 potions of heal wounds {unknown}
 r - 4 potions of flight {unknown}
 s - 3 potions of haste {unknown}
 u - 3 potions of degeneration {unknown}
 v - a potion of mutation {unknown}
 w - 2 potions of resistance {unknown}
 C - a potion of agility {unknown}
 D - 2 potions of lignification {unknown}
 J - a potion of ambrosia {unknown}
Comestibles
 d - 21 rations
 I - 7 chunks of flesh


   Skills:
 + Level 4.6 Fighting
 * Level 6.2 Staves
 - Level 1.5 Dodging
 - Level 2.1 Stealth
 - Level 7.0 Spellcasting
   Level 0.7 Transmutations
 - Level 13.5 Earth Magic
 - Level 2.1 Evocations


You had 17 spell levels left.
You knew the following spells:

 Your Spells              Type           Power        Failure   Level  Hunger
a - Sandblast             Erth           ######       1%          1    None
b - Lee's Rapid Deconstr  Erth           #######...   1%          5    #####..

Your spell library contained the following spells:

 Spells                   Type           Power        Failure   Level  Hunger
 Throw Icicle             Conj/Ice       #.......     24%         4    ###....
 Passwall                 Tmut/Erth      ######..     1%          2    None
 Stone Arrow              Conj/Erth      ######       1%          3    #......
 Flame Tongue             Conj/Fire      #....        2%          1    None
 Throw Flame              Conj/Fire      #.....       4%          2    None
 Petrify                  Tmut/Erth      ######..     4%          4    ###....
 Conjure Flame            Conj/Fire      #.......     8%          3    #......
 Inner Flame              Hex/Fire       #.......     8%          3    #......
 Sticky Flame             Conj/Fire      #.......     24%         4    ###....
 Fireball                 Conj/Fire      #.........   52%         5    #####..


Dungeon Overview and Level Annotations

Branches:
Dungeon (9/15)             Temple (0/1) D:6            Lair (1/6) D:8
  Sewer (visited)
    Orc: D:9-12

Altars:
Fedhas
Ru
Vehumet
Xom

Shops:
D:4 %=(}[   D:7 }

Annotations:
D:2 exclusion: door
D:5 1 runed translucent door, NeAGen181's ghost, amateur DDNe


Innate Abilities, Weirdness & Mutations

You are resistant to torment.
Your stone body is resilient. (AC +7)
You are immune to poison.
You resist negative energy. (rN+)
You are resistant to electric shocks. (rElec)
You can survive without breathing.
You are immune to petrification.
You are immune to rotting.


Message History

Press: ? - help, Shift-Dir - straight line, f/p - yak
Aim: a yak (almost dead)
You feel a surge of power!
The blast of sand hits the yak!
You kill the yak!
Vehumet accepts your kill.
Vehumet offers you knowledge of Throw Icicle.
You feel your power returning.
b - 75 stones The yak gores you!
* * * LOW HITPOINT WARNING * * *
Casting: Sandblast (safe; 1% risk of failure)
Confirm with . or Enter, or press ? or * to list all spells.
Aiming: Sandblast (safe; 1% risk of failure)
Press: ? - help, Shift-Dir - straight line, f - yak
Aim: a yak You feel a surge of power!
The blast of sand hits the yak!!
The yak is severely wounded.
b - 74 stones The yak gores you!
You die...

....####...≈≈≈.≈.≈≈≈≈≈.........#
....'..)...≈≈≈≈≈.≈≈≈≈..........#
....####...≈≈≈≈≈.≈≈≈...........#
##### #....≈≈≈≈.≈≈≈≈≈..#####..##
#....≈≈≈≈..≈≈≈≈..# #....
####+..≈≈≈.≈..≈≈≈≈≈.# #.###
#......≈≈≈....≈≈≈≈≈≈# #.#
#....≈≈.≈..÷.Y.≈≈≈≈≈# #.#
#..[..≈≈≈.≈†@..≈≈≈≈≈# #.###
####...≈≈≈....≈≈≈≈≈≈# #....
#..≈≈≈≈.≈.≈.≈≈≈≈≈# #####
#....≈≈≈≈≈≈≈≈≈≈≈≈#####
##...≈≈≈≈≈≈≈≈≈.......#
#.≈≈≈≈≈.≈≈≈≈≈.......#
#.≈..≈.≈≈≈≈.≈≈......#
#.≈....≈...≈≈.......#
#......≈......≈.....#


You could see a yak.

Vanquished Creatures
  Pikel (D:6)
  Maurice (D:8)
  A spiny frog (Lair:1)
  A troll (D:8)
  2 yaks (D:8)
  A water moccasin (D:8)
  3 orc warriors
  2 ice beasts
  2 sky beasts
  A slave (D:6)
  4 ogres
  A phantom (D:5)
  4 wolves (D:8)
  4 centaurs
  5 bullfrogs
  3 big kobolds
  A wyvern skeleton (D:9)
  3 scorpions
  8 wights
  2 electric eels (D:8)
  A howler monkey (D:8)
  2 crimson imps (D:7)
  A bullfrog zombie (D:5)
  9 hounds
  2 centaur skeletons (D:7)
  An orc priest (D:5)
  A jelly (D:5)
  7 orc wizards
  3 iguanas
  10 worker ants
  3 gnolls (D:3)
  A river rat (Sewer)
  11 adders
  A howler monkey skeleton (D:5)
  A shadow imp (D:6)
  2 adder zombies
  2 adder skeletons
  2 worms
  A dart slug (D:1)
  5 leopard geckos
  16 orcs
  2 ball pythons
  3 giant cockroaches
  5 goblins
  13 hobgoblins
  5 jackals
  27 kobolds
  6 quokkas
  6 bats
  2 frilled lizards
  A leopard gecko skeleton (D:6)
  A quokka skeleton (D:4)
  7 rats
210 creatures vanquished.

Vanquished Creatures (others)
  A howler monkey (D:4)
  A hound (D:8)
  A worker ant (D:4)
  A jackal (D:8)
4 creatures vanquished.

Grand Total: 214 creatures vanquished

Notes
Turn   | Place    | Note
-------+----------+-------------------------------------------
     0 | D:1      | Froggeryz the Gargoyle Earth Elementalist began the quest
                  | for the Orb.
     0 | D:1      | Reached XP level 1. HP: 10/10 MP: 3/3
   235 | D:1      | Reached skill level 4 in Earth Magic
   313 | D:1      | Reached XP level 2. HP: 5/15 MP: 1/5
  1115 | D:2      | Noticed a sky beast
  1200 | D:2      | Reached skill level 5 in Earth Magic
  1200 | D:2      | Reached XP level 3. HP: 13/19 MP: 4/6
  1663 | D:2      | Reached XP level 4. HP: 24/24 MP: 5/7
  1682 | D:2      | Reached skill level 6 in Earth Magic
  1686 | D:2      | Killed a sky beast
  1686 | D:2      | Reached skill level 7 in Earth Magic
  1686 | D:2      | Reached XP level 5. HP: 22/28 MP: 2/8
  2074 | D:3      | Found a glowing drain.
  2093 | Sewer    | Entered a sewer
  2234 | Sewer    | Noticed a big kobold
  2238 | Sewer    | Killed a big kobold
  2238 | Sewer    | Reached skill level 8 in Earth Magic
  2238 | Sewer    | Reached XP level 6. HP: 32/32 MP: 5/9
  2263 | Sewer    | Found a white marble altar of Elyvilon.
  3039 | D:4      | Reached skill level 9 in Earth Magic
  3040 | D:4      | Found Eqonuqeb's Jewellery Boutique.
  3043 | D:4      | Found a shimmering altar of Xom.
  3167 | D:4      | Reached XP level 7. HP: 32/36 MP: 10/10
  3214 | D:4      | Got a faintly glowing mace
  3215 | D:4      | Identified the +0 mace of the Poles {crush, rElec rPois
                  | rF+++ Str-4} (You found it on level 4 of the Dungeon)
  3312 | D:4      | Found Tawkud's Weapon Shop.
  3414 | D:4      | Found Taibix's Antique Armour Emporium.
  3442 | D:4      | Found Ryzas's Gadget Shop.
  3445 | D:4      | Bought a wand of polymorph (3) for 60 gold pieces
  3754 | D:4      | Found Jumuac's Food Emporium.
  3856 | D:5      | Entered Level 5 of the Dungeon
  3859 | D:5      | Reached skill level 10 in Earth Magic
  3912 | D:5      | Found a runed translucent door.
  3923 | D:5      | Learned a level 5 spell: Lee's Rapid Deconstruction
  3930 | D:5      | Noticed NeAGen181's ghost (amateur DDNe)
  3931 | D:5      | You fall into a shaft and drop 1 floor!
  3946 | D:6      | Found a blossoming altar of Fedhas.
  3967 | D:6      | Found a radiant altar of Vehumet.
  4158 | D:6      | Became a worshipper of Vehumet
  4324 | D:5      | Reached skill level 11 in Earth Magic
  4324 | D:5      | Reached XP level 8. HP: 37/41 MP: 11/11
  4551 | D:5      | Reached * piety under Vehumet
  4551 | D:5      | Offered knowledge of Magic Dart by Vehumet.
  4825 | D:6      | Reached skill level 12 in Earth Magic
  4947 | D:6      | Reached XP level 9. HP: 40/45 MP: 16/16
  5080 | D:6      | Noticed Pikel
  5098 | D:6      | Killed Pikel
  5139 | D:6      | Found a staircase to the Ecumenical Temple.
  5480 | D:7      | Found a sacrificial altar of Ru.
  5499 | D:7      | Offered knowledge of Shock by Vehumet.
  5519 | D:7      | Reached ** piety under Vehumet
  5605 | D:7      | Reached skill level 13 in Earth Magic
  5747 | D:7      | Found Gacrem's Gadget Shoppe.
  5924 | D:8      | Reached skill level 1 in Evocations
  5924 | D:8      | Reached XP level 10. HP: 50/50 MP: 18/20
  6023 | D:8      | Reached skill level 1 in Staves
  6024 | D:8      | Reached skill level 1 in Fighting
  6037 | D:8      | Found a staircase to the Lair.
  6083 | D:8      | Offered knowledge of Ignite Poison by Vehumet.
  6112 | D:8      | Reached *** piety under Vehumet
  6389 | D:8      | Noticed Maurice
  6425 | D:8      | Killed Maurice
  6670 | D:8      | Reached skill level 5 in Staves
  6921 | Lair:1   | Entered Level 1 of the Lair of Beasts
  6938 | Lair:1   | Noticed a spiny frog
  6947 | Lair:1   | Killed a spiny frog
  7159 | D:8      | Offered knowledge of Throw Icicle by Vehumet.
  7160 | D:8      | Slain by a yak

Levels and vault maps discovered:
D:1:      psy_arrival_radial01, layout_loops_ring
D:2:      layout_basic, grunt_ministairs_2
D:3:      layout_basic, cheibrodos_sewer_entry_bend
D:4:      layout_loops_corners, serial_shops, nicolae_shop_statue_plus, shop,
          kennysheep_mini_moat, shop, shop_coins, first_ration,
          kennysheep_donut, minmay_door_square, xom_confusion_cloud
D:5:      corexii_shack_village, layout_cave_pools,
          hellmonk_ghost_happy_afterlife, hangedman_abyss_or_decor_passed,
          minivault_1
D:6:      layout_basic, nicolae_overflow_crystal_walls, temple_green,
          basic_altar, hangedman_decor_growths, minivault_26, uniq_pikel
D:7:      layout_rooms, basic_altar, serial_shops, shop
D:8:      layout_basic, erik_lair_island, uniq_maurice
D:9:      layout_small_grid
Lair:1:   layout_chaotic_city, lemuel_fruit_tree, serial_bayou_shore_b,
          uniq_gastronok, uniq_nergalle, uniq_urug

Skill      XL: |  1  2  3  4  5  6  7  8  9 10 |
---------------+-------------------------------+-----
Earth Magic    | 4 5 7 8 9 11 12 13 | 13.5
Spellcasting   | 4 7 |  7.0
Evocations     | 1 2 |  2.1
Staves         | 6 |  6.2
Fighting       | 4 |  4.6
Dodging        | |  1.5
Stealth        | |  2.1
Transmutations | |  0.7

Action                   |  1- 3 |  4- 6 |  7- 9 | 10-12 || total
-------------------------+-------+-------+-------+-------++-------
Melee: Unarmed           |    31 |       |       |     7 ||    38
       Short sword       |    48 |       |       |       ||    48
       Spear             |    11 |    45 |       |       ||    56
       Staff             |       |    27 |    32 |    90 ||   149
 Cast: Sandblast         |    18 |    33 |   157 |    74 ||   282
Evoke: Wand              |       |       |       |     1 ||     1
  Use: Scroll            |     3 |       |     4 |     5 ||    12
 Stab: Sleeping          |     4 |     6 |     4 |     4 ||    18
       Distracted        |       |       |     1 |       ||     1
  Eat: Chunk             |     3 |     5 |     9 |     4 ||    21
Armor: Robe              |    29 |    25 |    38 |    56 ||   148
       Skin              |       |       |       |     1 ||     1
Dodge: Dodged            |    51 |    48 |    51 |    88 ||   238
